 Dungeon Crawl Stone Soup version 0.31.0-1-g2c135a0 (webtiles) character file.

Game seed: 17677970074721823178

6 jagoly the Trooper (level 1, 0/14 HPs)
             Began as a Gargoyle Monk on Jan 26, 2024.
             Slain by a rat (3 damage)
             ... on level 2 of the Dungeon.
             The game lasted 00:01:00 (87 turns).

jagoly the Trooper (Gargoyle Monk)                    Turns: 87, Time: 00:01:01

Health: 0/14       AC:  4    Str: 14    XL:     1   Next: 90%
Magic:  1/1        EV: 12    Int: 10    God:
Gold:   0          SH:  0    Dex: 12    Spells: 0/0 levels left

rFire   . . .        a - +0 hand axe
rCold   . . .        d - orb {light}
rNeg    + . .        b - +0 robe
rPois   ∞            (no helmet)
rElec   +            (no cloak)
rCorr   .            (no gloves)
SInv    .            (no boots)
Will    .....        (no amulet)
Stlth   +            (no ring)
HPRegen 0.22/turn    (no ring)
MPRegen 0.07/turn

%: no passive effects
@: glowing
A: sickness immunity, AC +2, negative energy resistance 1, electricity
resistance, torment resistance 1, petrification resistance
a: no special abilities


You were on level 2 of the Dungeon.
You visited 1 branch of the dungeon, and saw 2 of its levels.

Inventory:

Hand Weapons
 a - a +0 hand axe (weapon)
Missiles
 e - 2 stones (quivered)
Armour
 b - a +0 robe (worn)
 d - an orb of light (worn)
Potions
 c - a potion of ambrosia


   Skills:
 + Level 3.4 Fighting
 * Level 2.9 Axes
 - Level 2.4 Dodging
 + Level 0.6 Stealth


You couldn't memorise any spells.
You didn't know any spells.
Your spell library was empty.

Dungeon Overview and Level Annotations

Branches:
Dungeon (2/15) Zot: 11909

Altars:


Innate Abilities, Weirdness & Mutations

You are immune to sickness and miasma.
Your stone body is resilient. (AC +2)
You are immune to poison.
You resist negative energy. (rN+)
You are resistant to electric shocks. (rElec)
You are resistant to unholy torment.
You are immune to petrification.


Message History

Welcome, jagoly the Gargoyle Monk.
It is said that the Orb of Zot exists deep within this dungeon.
Press ? for a list of commands and other information.
Found an escape hatch in the floor.
Found a staircase leading out of the dungeon.
You open the door.
There is an open door here.
You open the door.
There is an open door here.
You open the door.
Found a stone staircase leading down.
There is an open door here.
There is a stone staircase leading down here.
You climb downwards.
There is a stone staircase leading up here.
You can't go down here!
You climb upwards.
There is a stone staircase leading down here.
You open the door.
A rat comes into view.
The rat squeaks loudly.
A rat is nearby!
There is an open door here.
You hit the rat.
You kill the rat!
No target in view!
You open the door.
There is an open door here.
You open the door. You open the door.
An endoplasm comes into view.
The endoplasm quivers.
You hit the endoplasm.
The endoplasm is heavily wounded.
The endoplasm jiggles.
The endoplasm hits you.
You hit the endoplasm.
The endoplasm is almost dead.
The endoplasm freezes you.
You are frozen.
* * * LOW HITPOINT WARNING * * *
You hit the endoplasm.
You kill the endoplasm!
There is an open door here.
You open the door.
An endoplasm comes into view.
The endoplasm quivers.
The endoplasm attacks as it pursues you!
The endoplasm misses you.
You hit the endoplasm but do no damage. The endoplasm hits you.
Cleave: a) +0 hand axe
Press: ? - help, Dir - move target, f - endoplasm
Aim: an endoplasm (haloed, about 3% to evade your +0 hand axe)
You hit the endoplasm.
The endoplasm is lightly wounded.
The endoplasm freezes you.
You are frozen.
* * * LOW HITPOINT WARNING * * *
Cleave: a) +0 hand axe
Press: ? - help, Dir - move target, f/p - endoplasm
Aim: an endoplasm (lightly wounded, haloed, about 3% to evade your +0 hand axe)
You hit the endoplasm.
You kill the endoplasm!
An endoplasm and a rat come into view.
Found 2 stones.
Found a stone staircase leading down.
The rat completely misses you.
You hit the rat but do no damage. The rat completely misses you.
You barely miss the rat. The rat misses you.
You hit the rat.
You kill the rat!
The endoplasm quivers.
You see here a rat corpse.
You see here 2 stones.
e - 2 stones Cleave: a) +0 hand axe
Press: ? - help, Dir - move target, f - endoplasm
Aim: an endoplasm (haloed, about 3% to evade your +0 hand axe)
You hit the endoplasm.
The endoplasm is almost dead.
The endoplasm freezes you.
You are frozen.
* * * LOW HITPOINT WARNING * * *
The endoplasm freezes you.
You are frozen.
* * * LOW HITPOINT WARNING * * *
Cleave: a) +0 hand axe
Press: ? - help, Dir - move target, f/p - endoplasm
Aim: an endoplasm (almost dead, haloed, about 3% to evade your +0 hand axe)
You hit the endoplasm.
You kill the endoplasm!
Found 3 poisoned darts.
Found a scroll labelled DYWKOQO IC ZEA.
A ball python comes into view.
The ball python hisses angrily.
There is a stone staircase leading down here.
Cleave: a) +0 hand axe
Press: ? - help, Dir - move target, f - ball python
Aim: a ball python (haloed, about 25% to evade your +0 hand axe)
You hit the ball python but do no damage.
The ball python bites you.
* * * LOW HITPOINT WARNING * * *
The ball python barely misses you.
Cleave: a) +0 hand axe
Press: ? - help, Dir - move target, f/p - ball python
Aim: a ball python (haloed, about 25% to evade your +0 hand axe)
You hit the ball python.
You kill the ball python!
You climb downwards.
The rat squeaks loudly.
There is a stone staircase leading up here.
Cleave: a) +0 hand axe
Press: ? - help, Dir - move target, f - rat
Aim: a rat (haloed, about 21% to evade your +0 hand axe)
You hit the rat but do no damage. The rat bites you.
You die...

# ...
####....#
#@...#
#r...#
.###.# ..
.. ... .#
.### # ..
..


You could see a rat.

Vanquished Creatures
  3 endoplasms (D:1)
  A ball python (D:1)
  2 rats (D:1)
6 creatures vanquished.

Notes
Turn   | Place    | Note
-------+----------+-------------------------------------------
     0 | D:1      | jagoly the Gargoyle Monk began the quest for the Orb.
     0 | D:1      | Reached XP level 1. HP: 14/14 MP: 1/1
    87 | D:2      | Slain by a rat

Illustrated notes

Levels and vault maps discovered:
D:1:      shiori_arrival_maze, layout_basic, kennysheep_minor_cross,
          kennysheep_nondescript, minmay_pentomino_o2
D:2:      minmay_skewed_foursquare, layout_basic, serial_shops,
          nicolae_shop_bloodbath_and_beyond, nicolae_shop_tiny_real_fake_doors,
          nicolae_shop_getting_attention, shapermc_ecumenical_altar_mp_vishouse,
          minmay_cut_off, uniq_terence

Action                     || total
---------------------------++-------
  Melee: Hand axe          ||    15
 Armour: Robe              ||     4
  Dodge: Dodged            ||     5
